 Dungeon Crawl Stone Soup version 0.30-a0-393-g54b8e3be05 (webtiles) character file.

Game seed: 3501723534381271944

9170 NinjaNoafa the Nimble (level 11, -1/90 HPs)
             Began as a Merfolk Gladiator on Dec 4, 2022.
             Was a Follower of Uskayaw.
             Succumbed to a guardian serpent's bolt of poison
             ... on level 1 of the Lair of Beasts on Dec 5, 2022.
             The game lasted 00:28:16 (10275 turns).

NinjaNoafa the Nimble (Merfolk Gladiator)          Turns: 10275, Time: 00:28:17

Health: -1/90      AC: 16    Str: 14    XL:     11   Next: 42%
Magic:  16/16      EV: 25    Int:  8    God:    Uskayaw [*.....]
Gold:   425        SH: 17    Dex: 25    Spells: 10/10 levels left

rFire   + . .      SeeInvis .    c - +1 dagger (protect)
rCold   . . .      Faith    .    t - +0 kite shield
rNeg    . . .      Spirit   .    e - +0 steam dragon scales
rPois   .          Reflect  +    X - +0 helmet
rElec   .          Harm     .    E - +2 cloak
rCorr   .          Rampage  .    p - -2 pair of gloves of Uskayaw's Regard {Fly Dex+5}
Will    .....                    m - +0 pair of boots
Stlth   ++........               h - amulet of reflection
HPRegen 0.35/turn                k - +4 ring of evasion
MPRegen 0.15/turn                B - ring of protection from fire

@: lethally poisoned (-1 -> -18), under a protective aura, flying, slowed, very
slow
A: (nimble swimmer 2), mertail
a: Renounce Religion, Stomp


You were on level 1 of the Lair of Beasts.
You worshipped Uskayaw.
Uskayaw was noncommittal.
You visited 3 branches of the dungeon, and saw 11 of its levels.
You also visited: Sewer.

You collected 546 gold pieces.
You spent 121 gold pieces at shops.

Inventory:

Hand Weapons
 c - a +1 dagger of protection (weapon)
 y - a +1 rapier of venom
Missiles
 d - 6 throwing nets
 i - 6 boomerangs of dispersal
 j - 21 poisoned darts
 l - 5 boomerangs (quivered)
 C - 11 stones
 R - 3 curare-tipped darts
 Z - 6 atropa-tipped darts
Armour
 b - a +1 robe of positive energy
 e - +0 steam dragon scales (worn)
 m - a +0 pair of boots (worn)
 p - the -2 pair of gloves of Uskayaw's Regard (worn) {Fly Dex+5}
   (You found it on level 2 of the Dungeon)

   Dex:       It affects your dexterity (+5).
   Fly:       It grants you flight.
 t - a +0 kite shield (worn)
 E - a +2 cloak (worn)
 O - a +1 robe of cold resistance
 X - a +0 helmet (worn)
Jewellery
 h - an amulet of reflection (around neck)
 k - a +4 ring of evasion (left hand)
 x - a ring of willpower
 B - a ring of protection from fire (right hand)
Wands
 D - a wand of flame (19)
 P - a wand of roots (2)
 Y - a wand of digging (4)
Scrolls
 a - a scroll of summoning {unknown}
 n - 2 scrolls of noise {unknown}
 s - a scroll of amnesia
 u - 2 scrolls of fear {unknown}
 v - a scroll of blinking
 w - 6 scrolls of immolation
 A - 3 scrolls of butterflies {unknown}
 J - 3 scrolls of poison {unknown}
 M - 2 scrolls of teleportation {unknown}
 S - a scroll of brand weapon {unknown}
 T - a scroll of enchant armour {unknown}
 W - a scroll of vulnerability {unknown}
Potions
 f - a potion of berserk rage
 g - 5 potions of haste
 o - 5 potions of might
 q - 2 potions of invisibility {unknown}
 r - 2 potions of lignification {unknown}
 z - 2 potions of cancellation
 F - a potion of heal wounds {unknown}
 G - 2 potions of experience {unknown}
 H - a potion of ambrosia {unknown}
 K - 3 potions of flight {unknown}
 L - 2 potions of attraction {unknown}
 N - a potion of resistance {unknown}
 Q - a potion of brilliance {unknown}
 V - 5 potions of mutation {unknown}


   Skills:
 - Level 10.0 Fighting
 - Level 10.0 Short Blades
 - Level 2.0 Throwing
 - Level 12.0 Dodging
 + Level 6.1 Shields
 + Level 6.8 Invocations
 - Level 4.0 Evocations


You had 10 spell levels left.
You didn't know any spells.
Your spell library contained the following spells:

 Spells                   Type           Power      Damage    Failure   Level
 Vhi's Electric Charge    Tloc/Air       0%         N/A       98%         3
 Animate Dead             Necr           0%         N/A       100%        4
 Arcjolt                  Conj/Air       0%         1d10      100%        5
 Borgnjor's Vile Clutch   Necr/Erth      0%         N/A       100%        5
 Yara's Violent Unravell  Hex/Tmut       0%         3d3       100%        5
 Death Channel            Necr           0%         N/A       100%        6
 Enfeeble                 Hex            0%         N/A       100%        7
 Maxwell's Capacitive Co  Air            0%         ∞         100%        8


Dungeon Overview and Level Annotations

Branches:
Dungeon (8/15)             Temple (1/1) D:4            Lair (2/5) D:8
  Snake (0/4) Lair:2        Sewer (visited)
  Swamp: Lair:2-3    Shoals: Lair:2-3

Altars:
Ashenzari
Cheibriados
Dithmenos
Elyvilon
Fedhas
Gozag
Hepliaklqana
Kikubaaqudgha
Makhleb
Nemelex Xobeh
Okawaru
Qazlal
Ru
Trog
Uskayaw
Vehumet
Wu Jian
Xom
Yredelemnul
Zin
The Shining One

Shops:
D:1 =   D:8 [*


Innate Abilities, Weirdness & Mutations

((You are very nimble when in or above water. (Stealth+, EV+, Speed+++)))
Your lower body shifts to a powerful aquatic tail in water.


Message History

You feel very sick. The guardian serpent hits you.
You hit the guardian serpent.
The guardian serpent is almost dead.
You feel sick. The guardian serpent barely misses you.
You hit the guardian serpent.
The guardian serpent is almost dead.
You feel sick.
The guardian serpent completely misses you.
You block the guardian serpent's attack.
You hit the guardian serpent but do no damage.
The guardian serpent is almost dead.
You feel sick.
The guardian serpent casts a spell at you.
You feel as though you will be slow longer.
You barely miss the guardian serpent.
The guardian serpent is almost dead.
You feel sick.
The guardian serpent completely misses you.
You block the guardian serpent's attack.
You hit the guardian serpent.
The guardian serpent is almost dead.
You feel sick.
You block the guardian serpent's attack.
You hit the guardian serpent.
The guardian serpent is almost dead.
You feel sick.
The guardian serpent casts a spell at you.
The bolt of poison hits you!!
You are more poisoned.
* * * LOW HITPOINT WARNING * * *
The guardian serpent casts a spell at you.
You resist with some effort.
Okay, then.
Aiming: Corrosive Bolt
Press: ? - help, Shift-Dir - straight line, f - guardian serpent
Aim: a guardian serpent (almost dead, poisoned, 60% to hit)
The bolt of acid misses the guardian serpent.
The now-empty wand crumbles to dust.
You die...

.....##### #....# ####......#
.....## #....# #####..#
....).# ###>## #..# P'#####
#.# ##.## #.# ##.# ##..# #.#
#####.'## #...# #.# ##.......#
### ##.### ..##
#........####P####....#
#..#####.......S@.......#....#
........'.......#######......#
#.###..##.......# #.##....##
..# #####.......# ####.....#
#.# ####.'### #..##### ..#
##.# ##.....## ..#### #.###
###P#..# ..##.## #...#
######'## .....P# ##..# ###
#........


You could see a guardian serpent (poisoned).

Vanquished Creatures
  Harold (Lair:1)
  A torpor snail (Lair:1)
  A cane toad (Lair:1)
  A komodo dragon (Lair:1)
  5 hornets (Lair:1)
  Grinder (D:3)
  Sigmund (D:6)
  9 yaks (Lair:1)
  A basilisk (Lair:1)
  A steam dragon (D:8)
  Edmund (D:6)
  4 water moccasins
  3 orc warriors
  6 black bears
  2 ogres (D:7)
  2 ice beasts
  4 centaurs
  2 kobold brigands
  A gnoll sergeant (D:8)
  8 bullfrogs
  7 scorpions
  14 wights
  5 killer bees (D:7)
  5 hounds
  An orc priest (D:6)
  Jessica (D:3)
  Ijyb (D:3)
  2 iguanas
  5 orc wizards
  5 gnolls (D:8)
  10 adders
  A river rat (D:5)
  3 white imps
  4 ufetubi
  4 worms
  5 dart slugs
  12 orcs
  8 endoplasms
  3 giant cockroaches
  7 goblins
  8 hobgoblins
  13 jackals
  24 kobolds
  5 quokkas
  8 ball pythons
  11 bats
  6 frilled lizards
  14 rats
  A butterfly (D:4)
248 creatures vanquished.

Vanquished Creatures (others)
  A fungus (Lair:1)
  4 plants
5 creatures vanquished.

Grand Total: 253 creatures vanquished

Notes
Turn   | Place    | Note
-------+----------+-------------------------------------------
     0 | D:1      | NinjaNoafa the Merfolk Gladiator began the quest for the
                  | Orb.
     0 | D:1      | Reached XP level 1. HP: 16/16 MP: 1/1
   184 | D:1      | Reached XP level 2. HP: 22/23 MP: 2/2
   327 | D:1      | Found Siurat's Jewellery Boutique.
   615 | D:2      | Reached XP level 3. HP: 28/28 MP: 3/3
   970 | D:2      | Identified the -2 pair of gloves of Uskayaw's Regard {Fly
                  | Dex+5}
  1022 | D:2      | Found a faded altar of an unknown god.
  1236 | D:2      | Reached XP level 4. HP: 26/35 MP: 4/4
  1306 | D:2      | Noticed a black bear
  1319 | D:2      | Killed a black bear
  1320 | D:2      | Reached skill level 5 in Short Blades
  1320 | D:2      | Reached skill level 5 in Dodging
  1320 | D:2      | Reached XP level 5. HP: 15/42 MP: 5/5
  1692 | D:3      | Found a basalt altar of Yredelemnul.
  1884 | D:3      | Noticed Grinder
  1884 | D:3      | Paralysed by Grinder for 4 turns
  1888 | D:3      | Noticed Ijyb
  2001 | D:4      | Reached XP level 6. HP: 45/48 MP: 6/6
  2002 | D:4      | Noticed a black bear
  2013 | D:4      | Reached skill level 6 in Dodging
  2028 | D:4      | Killed a black bear
  2069 | D:4      | Found a broken altar of Ashenzari.
  2206 | D:4      | Noticed a black bear
  2225 | D:4      | Killed a black bear
  2226 | D:4      | Reached skill level 5 in Fighting
  2226 | D:4      | Reached skill level 7 in Dodging
  2226 | D:4      | Reached XP level 7. HP: 36/56 MP: 7/7
  2398 | D:4      | Found a white marble altar of Elyvilon.
  2618 | D:4      | Found a staircase to the Ecumenical Temple.
  2632 | D:4      | Reached skill level 1 in Evocations
  2635 | Temple   | Entered the Ecumenical Temple
  2811 | Temple   | Became a worshipper of Uskayaw the Reveller
  2904 | D:5      | Entered Level 5 of the Dungeon
  2910 | D:5      | Reached * piety under Uskayaw
  2929 | D:5      | Reached ** piety under Uskayaw
  2933 | D:5      | Reached *** piety under Uskayaw
  3151 | D:5      | Found a glowing drain.
  3183 | Sewer    | Entered a sewer
  3245 | Sewer    | Reached XP level 8. HP: 58/64 MP: 8/8
  3644 | D:5      | Reached skill level 8 in Dodging
  3785 | D:5      | Found a snail-covered altar of Cheibriados.
  4160 | D:6      | Reached **** piety under Uskayaw
  4166 | D:6      | Reached skill level 9 in Dodging
  4323 | D:6      | Reached XP level 9. HP: 57/72 MP: 9/9
  4384 | D:6      | Found a shadowy altar of Dithmenos.
  5056 | D:6      | Noticed Sigmund
  5058 | D:6      | Killed Sigmund
  5082 | D:6      | Noticed Edmund
  5100 | D:6      | Killed Edmund
  5101 | D:6      | Reached skill level 10 in Dodging
  5630 | D:3      | Killed Grinder
  5652 | D:3      | Killed Ijyb
  5864 | D:3      | Found a faded altar of an unknown god.
  5864 | D:3      | Found a sparkling altar of Nemelex Xobeh.
  5864 | D:3      | Noticed Jessica
  5866 | D:3      | Killed Jessica
  5876 | D:3      | Found a blossoming altar of Fedhas.
  5878 | D:3      | Found a hazy altar of Hepliaklqana.
  5879 | D:3      | Found a faded altar of an unknown god.
  6287 | D:7      | Upgraded the game from 0.30-a0-390-g80c34de65d to
                  | 0.30-a0-393-g54b8e3be05
  6568 | D:7      | Reached XP level 10. HP: 56/82 MP: 10/10
  6575 | D:7      | Reached ***** piety under Uskayaw
  6597 | D:7      | Reached skill level 11 in Dodging
  6916 | D:7      | Reached skill level 10 in Short Blades
  7409 | D:7      | Found a sacrificial altar of Ru.
  7473 | D:7      | Found an iron altar of Okawaru.
  7474 | D:7      | Found a stormy altar of Qazlal.
  7795 | D:8      | Found Fepra's Antique Armour Shoppe.
  7858 | D:8      | Bought a glowing robe for 99 gold pieces
  8271 | D:8      | Found Tagu's General Store.
  8344 | D:8      | Bought a scroll of identify for 22 gold pieces
  8407 | D:8      | Found an ornate altar of the Wu Jian Council.
  8457 | D:8      | Reached skill level 10 in Fighting
  8457 | D:8      | Reached skill level 12 in Dodging
  8724 | D:8      | Found a staircase to the Lair.
  8777 | Lair:1   | Entered Level 1 of the Lair of Beasts
  8897 | Lair:1   | Paralysed by a hornet for 1 turns
  8902 | Lair:1   | Reached skill level 1 in Shields
  8902 | Lair:1   | Reached skill level 1 in Invocations
  8915 | Lair:1   | Paralysed by a hornet for 1 turns
  9283 | Lair:1   | Reached XP level 11. HP: 90/90 MP: 14/14
  9555 | Lair:1   | Reached skill level 5 in Invocations
  9719 | Lair:1   | Noticed Harold
  9754 | Lair:1   | Killed Harold
  9755 | Lair:1   | Reached skill level 5 in Shields
 10198 | Lair:2   | Found a staircase to the Snake Pit.
 10274 | Lair:1   | HP: 4/90 [guardian serpent/bolt of poison (24)]
 10275 | Lair:1   | Succumbed to a guardian serpent's bolt of poison

Illustrated notes

Levels and vault maps discovered:
D:1:      lordsloth_arrival_two_stooges, layout_rooms, serial_shops, shop
D:2:      kennysheep_six_static_rooms, layout_rooms,
          shapermc_ecumenical_altar_flowoftime, serial_co_window_serial,
          co_window_corner_a, co_window_of_opportunity_a, co_window_paths_a,
          co_window_of_opportunity_a, co_window_corner_a,
          co_window_of_opportunity_b, co_window_corner_b, co_window_broadway_b,
          glass_columns_c, glass_columns_c, glass_columns_c,
          kennysheep_generic_room_4
D:3:      layout_rooms, mainiacjoe_overflow_paths,
          chequers_temple_overflow_minitemple, minmay_misc_feat_rows,
          roderic_serpentine_path, st_stairs_9, uniq_grinder, uniq_jessica,
          uniq_ijyb
D:4:      layout_basic, elyvilon_altar_5, cheibrodos_ashenzari_chains,
          minmay_temple_entry_butterflies
D:5:      layout_cave_pools, lemuel_coloured_pillars_altar,
          portal_sewer_entry_e, nicolae_fountain_basement
D:6:      cheibrodos_quashed, layout_basic, nicolae_dithmenos_shadow_blocks,
          sigmund_edmund_badplayer
D:7:      layout_loops_corners, marbit_many_paths, minitemple
D:8:      layout_loops_ring, nicolae_wu_jian_wuxing_cycle, lair_entry_dummy,
          serial_shops, kennysheep_mini_moat, nicolae_stop_n_shop_2
Temple:   hellmonk_temple_forest_ring
Lair:1:   layout_roguey, dreamdust_wasp_nest, uniq_harold
Lair:2:   layout_hall_layers, minmay_swamp_entry_worms,
          minmay_snake_entry_spellcaster, basic_altar, serial_bayou_ford_a,
          serial_bayou_crossing

Skill      XL: |  1  2  3  4  5  6  7  8  9 10 11 |
---------------+----------------------------------+-----
Short Blades   | 4 5 6 7 9 10 | 10.0
Fighting       | 3 4 5 7 8 10 | 10.0
Dodging        | 5 7 9 10 12 | 12.0
Evocations     | 3 4 |  4.0
Shields        | 4 6 |  6.1
Invocations    | 4 6 |  6.8
Throwing       | |  2.0

Action                   |  1- 3 |  4- 6 |  7- 9 | 10-12 || total
-------------------------+-------+-------+-------+-------++-------
Melee: Rapier            |    98 |       |       |   145 ||   243
       Punch             |     2 |     1 |    10 |     8 ||    21
       Dagger            |    16 |   131 |   514 |   485 ||  1146
Throw: Boomerang         |     2 |     5 |    11 |     2 ||    20
       Dart              |       |       |     2 |       ||     2
       Javelin           |       |       |       |     1 ||     1
Invok: Stomp             |       |       |     2 |       ||     2
       Line Pass         |       |       |       |     1 ||     1
Evoke: Wand              |       |       |       |     6 ||     6
  Use: Scroll            |     2 |     5 |     4 |     3 ||    14
       Potion            |       |       |     3 |     1 ||     4
 Stab: Sleeping          |     3 |     2 |    10 |     2 ||    17
       Paralysed         |       |       |     4 |     9 ||    13
Armor: Leather armour    |    35 |    30 |    44 |       ||   109
       Robe              |       |       |     6 |    25 ||    31
       Steam dragon scal |       |       |       |    19 ||    19
Dodge: Dodged            |    73 |   126 |   284 |   352 ||   835
Block: Other             |       |    18 |    86 |    51 ||   155
       Reflection        |       |       |     2 |       ||     2
       Kite shield       |       |       |       |   201 ||   201

Table legend: (Time is in decaauts)
 A = Elapsed time spent in this place.
 B = Non-inter-level travel time spent in this place.
 C = Inter-level travel time spent in this place.
 D = Time resting spent in this place.
 E = Time spent auto-exploring this place.
 F = Levels seen in this place.
 G = Mean time per level.
                   A        B        C        D        E       F      G
               +--------+--------+--------+--------+--------+-----+--------+
         Total |   9717 |   9239 |    478 |    125 |   6896 |  12 |  809.8 |
       Dungeon |   7810 |   7380 |    430 |    125 |   5516 |   8 |  976.2 |
        Temple |    184 |    160 |     24 |      0 |    150 |   1 |  184.0 |
          Lair |   1425 |   1402 |     23 |      0 |   1048 |   2 |  712.5 |
         Sewer |    296 |    296 |      0 |      0 |    181 |   1 |  296.0 |
               +--------+--------+--------+--------+--------+-----+--------+

Top non-repeatable levels by time:
     D:7: 1537 daAuts
  Lair:1: 1362 daAuts
     D:6: 1332 daAuts
     D:2: 963 daAuts
     D:8: 927 daAuts
     D:4: 862 daAuts
     D:5: 838 daAuts
     D:3: 743 daAuts
     D:1: 603 daAuts
   Sewer: 296 daAuts
  Temple: 184 daAuts
  Lair:2: 63 daAuts
